ElectroGuy, lawful male human Knight ------- .....| ------------ ....| |..|...|...| ...| |..|...|...| -..| |..|-|---|-- .- |..--+---|-.).(.)...- +.......h.....----- .| |.....(--+-...|...| | -+------......| |...-...| |.....u.......| |...|...| --+-..@..---|-- --------- |..-+-- ... |.. ---- -.. .. .. ... ---- ElectroGuy the Esquire Experience level: 5 Strength: 13 Dexterity: 10 Constitution: 11 Intelligence: 7 Wisdom: 17 Charisma: 18 Health: 0(35) Energy: 41(41) Def: 7 Gold: 272 Moves: 1192 Dungeon seed: cICRPzP6-JE-aFnR Game ID: ElectroGuy_1573334129 Your Inventory: Coins $ - 272 gold pieces Weapons a - the blessed rustproof +1 Excalibur (alternate weapon; not wielded) b - a +1 lance (weapon in hand) g - a +0 sling Armor e - an uncursed +1 ring mail (being worn) n - an uncursed +0 helmet (being worn) q - an uncursed +0 small shield (being worn) r - an uncursed +0 pair of leather gloves (being worn) Comestibles c - 10 uncursed apples d - 10 uncursed carrots m - 3 uncursed food rations s - an uncursed partly eaten gnome lord corpse Scrolls h - an uncursed scroll of earth i - a blessed scroll of amnesia Potions j - an uncursed potion of water l - an uncursed potion of fruit juice Wands f - a wand of fire (0:1) p - a wand of digging (0:5) Tools o - 6 uncursed partly used tallow candles (lit) (0:77) Gems y - an uncursed worthless piece of yellowish brown glass Spells and supernatural/magical abilities: Name Level Category Fail Memory W - pray for help -- divine ? -- X - turn undead -- divine ? -- Y - supernatural jump -- ability ? -- Your skills at the end: Fighting Skills riding [Basic] Weapon Skills long sword [Basic] lance [Basic] Spellcasting Skills Final Attributes: You were piously aligned. You could jump. You were riding your pony. You are dead. Vanquished creatures: a gnome king a gnome lord a gnomish wizard a coyote 9 gnomes 4 jackals 2 kobolds 2 grid bugs 5 lichens 7 newts 33 creatures vanquished. Voluntary challenges: You were an atheist. You used a wielded weapon 36 times, starting on turn 4. You were illiterate. You never genocided any monsters. You never polymorphed an object. You never changed form. You used no wishes. You never split a pudding. You never wrote Elbereth's name. You never violated your personal moral code. Dungeon overview: The Dungeons of Doom: levels 1 to 2 Level 1 a fountain a long staircase Level 2 stairs to The Gnomish Mines The Gnomish Mines: levels 3 to 6 Level 3 stairs to The Dungeons of Doom Level 6 <- You were here History has recorded: On T:1 you entered the Dungeons of Doom to retrieve the Amulet of Yendor! On T:441 you advanced to experience level 2. On T:674 you reached level 2 of The Dungeons of Doom. On T:725 you advanced to experience level 3. On T:1050 you reached level 1 of The Gnomish Mines. On T:1064 you advanced to experience level 4. On T:1111 you reached level 4 of The Gnomish Mines. On T:1155 you advanced to experience level 5. Score breakdown: Gold: 272 ( 8286 points) Experience: 5 levels (11141 points) Exploration: 6 levels ( 12.50%) ( 9784 points) Discoveries: 2 items ( 0.81%) ( 2705 points) Valuables value: (no points given unless you survive) Artifact value: 4000 (12253 points) Variety of kills: 10 monsters ( 2.62%) ( 4860 points) Turncount: 1192 turns ( 0 points) Survival: died (score multiplied by 80%) Total score: 39223 Latest messages: Your long sword rusts completely! An urge to take a bath overwhelms you. You lost some of your money in the fountain! A feeling of loss comes over you. From the murky depths, a hand reaches up to bless the sword. As the hand retreats, the fountain disappears! You hear the shrill sound of a guard's whistle. Nothing happens. The watch captain wields a long sword! The watch captain swings his long sword. The watch captain hits! The watch captain swings his long sword. The watch captain hits! The watch captain swings his long sword. The watch captain hits! You die... Final status: Fare thee well ElectroGuy the Knight, killed by a watch captain... You died in The Gnomish Mines on dungeon level 6 with 39223 points, and 272 pieces of gold, after 1192 moves. You were level 5 with a maximum of 35 hit points when you died.